 Dungeon Crawl Stone Soup version 0.25-a0-310-g60f0ac2d9a (webtiles) character file.

Game seed: 4186676225984050589, levelgen mode: deterministic

284 ANON1729 the Sneak (level 6, -5/37 HPs)
             Began as an Octopode Earth Elementalist on Dec 23, 2019.
             Slain by a centaur
             ... wielding a +0 long sword
              (6 damage)
             ... on level 4 of the Dungeon.
             The game lasted 00:04:36 (4972 turns).

ANON1729 the Sneak (Octopode Earth Elementalist)    Turns: 4972, Time: 00:04:37

Health: -5/37      AC:  1    Str:  7    XL:     6   Next: 29%
Magic:  15/19      EV: 14    Int: 18    God:
Gold:   216        SH:  0    Dex: 14    Spells: 4/11 levels left

rFire    . . .     SeeInvis .     - Unarmed
rCold    + . .     Gourm    .   (no shield)
rNeg     . . .     Faith    .   (helmet restricted)
rPois    .         Spirit   .   (no amulet)
rElec    .         Reflect  .   q - ring of magical power
rCorr    .         Harm     .   s - ring of protection from cold
MR       .....                  (no ring)
Stlth    ++++......             (no ring)
HPRegen  0.12/turn              (no ring)
MPRegen  0.16/turn              (no ring)
                                (no ring)
                                (no ring)

@: no status effects
A: almost no armour, stealthy swim, amphibious, 8 rings, constrict 8, camouflage
1, gelatinous body 1
a: no special abilities


You were on level 4 of the Dungeon.
You were very hungry.

You visited 1 branch of the dungeon, and saw 4 of its levels.

You collected 216 gold pieces.

Inventory:

Hand Weapons
 n - a +0 trident
 o - a +0 dagger
Missiles
 b - 131 stones (quivered)
Jewellery
 q - a ring of magical power (left tentacle)
 s - a ring of protection from cold (right tentacle)
Wands
 m - a wand of polymorph (3)
 t - a wand of clouds (7)
Scrolls
 a - 3 scrolls of fear {unknown}
 d - 3 scrolls of identify {unknown}
 f - a scroll of teleportation {unknown}
 g - 2 scrolls of enchant armour {unknown}
 h - 2 scrolls of immolation {unknown}
 i - a scroll of fog {unknown}
 j - 3 scrolls of remove curse {unknown}
 k - a scroll of magic mapping {unknown}
 p - a scroll of amnesia {unknown}
Potions
 e - 3 potions of curing
 l - a potion of degeneration {unknown}
 r - a potion of lignification {unknown}
Comestibles
 c - 8 rations


   Skills:
 + Level 0.6 Fighting
 + Level 3.3 Dodging
 + Level 4.5 Stealth
 + Level 2.2 Unarmed Combat
 + Level 3.2 Spellcasting
 + Level 1.0 Transmutations
 + Level 3.9 Earth Magic


You had 4 spell levels left.
You knew the following spells:

 Your Spells              Type           Power        Failure   Level  Hunger
a - Sandblast             Erth           ###...       3%          1    None
b - Passwall              Tmut/Erth      ##......     9%          2    ##.....
c - Petrify               Tmut/Erth      ##......     50%         4    ####...

Your spell library contained the following spells:

 Spells                   Type           Power        Failure   Level  Hunger
 Stone Arrow              Conj/Erth      ##....       22%         3    ###....
 Leda's Liquefaction      Hex/Erth       ##........   56%         4    ####...
 Lee's Rapid Deconstruct  Erth           ###.......   65%         5    ######.
 Bolt of Magma            Conj/Fire/Erth #.........   95%         5    ######.
 Iron Shot                Conj/Erth      ##........   100%        6    #######
 Statue Form              Tmut/Erth      ##.......    100%        6    #######
 Shatter                  Erth           ###.......   100%        9    #######


Dungeon Overview and Level Annotations

Branches:
Dungeon (4/15)
 Temple: D:4-7

Altars:
Elyvilon
Fedhas
Hepliaklqana
Yredelemnul
Zin

Annotations:
D:4 Edmund


Innate Abilities, Weirdness & Mutations

You cannot wear most types of armour.
You are very stealthy in the water. (Stealth+)
You are amphibious.
You can wear up to eight rings at the same time.
You can use your tentacles to constrict eight enemies at once.
Your skin changes colour to match your surroundings (Stealth+).
Your rubbery body absorbs attacks. (AC +1, EV +1)


Message History

Confirm with . or Enter, or press ? or * to list all spells.
Aiming: Sandblast (safe; 3% risk of failure)
Press: ? - help, Shift-Dir - straight line, f/p - centaur
Aim: a centaur, wielding a +0 long sword, wearing a +0 robe and quivering 18 arrows (lightly wounded)
The blast of sand misses the centaur.
b - 132 stones The centaur hits you with a +0 long sword.
* * * LOW HITPOINT WARNING * * *
The centaur hits you with a +0 long sword!
* * * LOW HITPOINT WARNING * * *
Casting: Sandblast (safe; 3% risk of failure)
Confirm with . or Enter, or press ? or * to list all spells.
Aiming: Sandblast (safe; 3% risk of failure)
Press: ? - help, Shift-Dir - straight line, f/p - centaur
Aim: a centaur, wielding a +0 long sword, wearing a +0 robe and quivering 18 arrows (lightly wounded)
The blast of sand hits the centaur!
The centaur is heavily wounded.
b - 131 stones The centaur hits you with a +0 long sword.
You die...

#..###.##.......#
#..###.##.......#
#...##.##.......#
#.#.##.##.......#
#.#.##.##########
#......##########
###.#####.......###
#.# #..c.......
#.#####..@....#
#.....#.(.....#
#####.........#
###(......#
#.......# #########


You could see a centaur.

Vanquished Creatures
  Ijyb (D:3)
  An iguana (D:4)
  Natasha (thrice) (D:3)
  2 worker ants (D:4)
  5 adders
  2 worms
  A dart slug (D:4)
  A leopard gecko (D:1)
  An orc (D:3)
  6 giant cockroaches
  10 goblins
  3 hobgoblins
  5 jackals
  A quokka (D:4)
  6 bats
  2 frilled lizards
  7 kobolds
  8 rats
65 creatures vanquished.

Notes
Turn   | Place    | Note
-------+----------+-------------------------------------------
     0 | D:1      | ANON1729 the Octopode Earth Elementalist began the quest
                  | for the Orb.
     0 | D:1      | Reached XP level 1. HP: 11/11 MP: 3/3
    30 | D:1      | Reached skill level 3 in Stealth
   309 | D:1      | Reached XP level 2. HP: 14/17 MP: 5/5
   346 | D:1      | You fall into a shaft and drop 1 floor!
   564 | D:2      | Found a glowing silver altar of Zin.
   564 | D:2      | Found a white marble altar of Elyvilon.
   616 | D:2      | Reached XP level 3. HP: 18/21 MP: 6/6
  1587 | D:3      | Reached XP level 4. HP: 18/27 MP: 0/7
  1879 | D:3      | Reached skill level 1 in Unarmed Combat
  2135 | D:3      | Noticed Natasha
  2139 | D:3      | Killed Natasha
  2139 | D:3      | Reached skill level 4 in Stealth
  2270 | D:3      | Learned a level 2 spell: Passwall
  2275 | D:3      | Learned a level 4 spell: Petrify
  2480 | D:3      | Noticed Natasha
  2769 | D:3      | Found a hazy altar of Hepliaklqana.
  2876 | D:3      | Killed Natasha
  2876 | D:3      | Reached XP level 5. HP: 32/32 MP: 3/8
  2924 | D:3      | Found a basalt altar of Yredelemnul.
  2935 | D:3      | Noticed Natasha
  2940 | D:3      | Killed Natasha
  3089 | D:3      | Noticed Ijyb
  3113 | D:3      | Killed Ijyb
  3349 | D:4      | Noticed Edmund
  3651 | D:4      | Reached XP level 6. HP: 14/37 MP: 8/10
  4170 | D:4      | Found a blossoming altar of Fedhas.
  4971 | D:4      | HP: 1/37 [centaur/+0 long sword (8)]
  4972 | D:4      | Slain by a centaur

Levels and vault maps discovered:
D:1:      roderic_crossed_star, layout_basic
D:2:      cheibrodos_helix_gallery, layout_basic,
          gammafunk_temple_overflow_elements, first_ration, chequers_jeans
D:3:      layout_rooms, nicolae_overflow_hidden_temple, lemuel_doored_altar,
          chequers_arboretum, uniq_ijyb, uniq_natasha
D:4:      kennysheep_goblin_castle, layout_loops_cross, serial_forest,
          infiniplex_forest_pool, infiniplex_forest_clump_curved,
          infiniplex_forest_clump_small, infiniplex_forest_corner_1,
          infiniplex_forest_end_2, infiniplex_forest_lined_room_2,
          infiniplex_forest_clump_diagonal, fedhas_bush_and_centaur_altar,
          uniq_edmund

Skill      XL: |  1  2  3  4  5 |
---------------+----------------+-----
Stealth        | 3 4 |  4.5
Unarmed Combat | 1 2 |  2.2
Dodging        | 3 |  3.3
Spellcasting   | 3 |  3.2
Fighting       | |  0.6
Transmutations | |  1.0
Earth Magic    | |  3.9

Action                   |  1- 3 |  4- 6 || total
-------------------------+-------+-------++-------
Melee: Unarmed           |    84 |    85 ||   169
       Constrict         |    26 |    20 ||    46
       Tentacles         |    18 |    12 ||    30
       Punch             |       |     1 ||     1
Throw: Stone             |       |     1 ||     1
 Cast: Sandblast         |    15 |    38 ||    53
  Use: Potion            |     2 |       ||     2
 Stab: Sleeping          |    14 |     5 ||    19
  Eat: Chunk             |     2 |     6 ||     8
       Ration            |       |     1 ||     1
Armor: Skin              |     9 |     8 ||    17
Dodge: Dodged            |    60 |    79 ||   139

Table legend:
 A = Non-vault XP
 B = Vault XP
 C = Vault XP percentage of total XP
 D = Non-vault monster count
 E = Vault monster count
 F = Vault count percentage of total count
                 A         B        C        D         E       F
            +---------+---------+-------+---------+---------+-------
      Total |     310 |      96 |  23.6 |      50 |      15 |  23.1
            +---------+---------+-------+---------+---------+-------
        D:1 |      14 |       0 |   0.0 |       9 |       0 |   0.0
        D:2 |      50 |       3 |   5.7 |      18 |       2 |  10.0
        D:3 |     132 |      73 |  35.6 |      17 |       2 |  10.5
        D:4 |     114 |      20 |  14.9 |       6 |      11 |  64.7
            +---------+---------+-------+---------+---------+-------
